 Dungeon Crawl Stone Soup version 0.22-a0-565-gfc6459a (webtiles) character file.

35 Amnesiac the Ducker (level 3, 0/18 HPs)
             Began as a Spriggan Wanderer on June 28, 2018.
             Succumbed to an adder's poison
             ... on level 3 of the Dungeon.
             The game lasted 00:02:32 (763 turns).

Amnesiac the Ducker (Spriggan Wanderer)              Turns: 763, Time: 00:02:32

Health: 0/18       AC:  2    Str: 10    XL:     3   Next: 17%
Magic:  5/5        EV: 20    Int: 12    God:
Gold:   6          SH:  0    Dex: 15    Spells: 2/2 levels left

rFire    . . .     SeeInvis +   k - +4 spear
rCold    . . .     Gourm    .   (shield restricted)
rNeg     . . .     Faith    +   c - +0 robe
rPois    .         Spirit   .   (helmet restricted)
rElec    .         Reflect  .   (no cloak)
rCorr    .         Harm     .   (gloves unavailable)
MR       .....                  (boots unavailable)
Stlth    ++........             l - amulet of faith
HPRegen  0.06/turn              (no ring)
MPRegen  0.09/turn              (no ring)

@: lethally poisoned (0 -> -7), very quick
A: very small, unfitting armour, see invisible, herbivore, speed 3, slow
metabolism 2
a: no special abilities


You were on level 3 of the Dungeon.
You were not hungry.

You visited 1 branch of the dungeon, and saw 3 of its levels.

You collected 6 gold pieces.

Inventory:

Hand Weapons
 a - a +2 short sword
 h - a +0 dagger
 k - a +4 spear (weapon)
Armour
 c - a +0 robe (worn)
Jewellery
 l - an amulet of faith (around neck)
Scrolls
 b - 2 scrolls of teleportation {!r}
 e - a scroll of fear {!r, unknown}
 f - a scroll of amnesia {!r, unknown}
 g - 2 scrolls of identify {!r, unknown}
 i - a scroll of random uselessness {!r, unknown}
 j - a scroll of enchant weapon {!r, unknown}
Comestibles
 d - 5 rations


   Skills:
 - Level 1.0 Fighting
 * Level 3.0(3.4) Short Blades
   Level 1.5(2.2) Long Blades
 + Level 4.8 Dodging
 + Level 3.5 Stealth
   Level 1.3 Evocations


You had 2 spell levels left.
You didn't know any spells.
Your spell library was empty.

Dungeon Overview and Level Annotations

Branches:
Dungeon (3/15)

Altars:
Dithmenos
Hepliaklqana
Kikubaaqudgha
Qazlal


Innate Abilities, Weirdness & Mutations

You are very small and have problems with some larger weapons.
You are too small for most types of armour.
You have supernaturally acute eyesight. (SInv)
You are a herbivore.
You cover ground extremely quickly.
You need to consume almost no food.


Message History

You are poisoned.
The adder poisons you! The adder barely misses you.
Attack whom?
Press: ? - help, Dir - move target cursor, f/p - adder
Aim: an adder (almost dead)
You barely miss the adder.
The adder is almost dead.
You feel sick. The adder closely misses you.
Attack whom?
Press: ? - help, Dir - move target cursor, f/p - adder
Aim: an adder (almost dead)
You hit the adder but do no damage.
The adder is almost dead.
* * * LOW HITPOINT WARNING * * *
You feel sick. The adder completely misses you.
Attack whom?
Press: ? - help, Dir - move target cursor, f/p - adder
Aim: an adder (almost dead)
You completely miss the adder.
The adder is almost dead.
The adder misses you. The adder bites you.
* * * LOW HITPOINT WARNING * * *
You are more poisoned.
The adder poisons you!
Attack whom?
Press: ? - help, Dir - move target cursor, f/p - adder
Aim: an adder (almost dead)
You closely miss the adder.
The adder is almost dead.
* * * LOW HITPOINT WARNING * * *
You feel sick. The adder completely misses you.
Attack whom?
Press: ? - help, Dir - move target cursor, f/p - adder
Aim: an adder (severely wounded)
You hit the adder.
You kill the adder!
Your Short Blades skill increases to level 3!
You have reached level 3!
Your experience leads to an increase in your attributes!
Increase (S)trength, (I)ntelligence, or (D)exterity?
You feel stronger.
* * * LOW HITPOINT WARNING * * *
You feel sick.
Attack whom?
Press: ? - help, Dir - move target cursor, f - rat
Aim: a rat You hit the rat.
You kill the rat!
* * * LOW HITPOINT WARNING * * *
You feel sick.
You aren't carrying any potions.
* * * LOW HITPOINT WARNING * * *
You feel sick.
Things that are here:
a rat corpse; an adder corpse A worm comes into view.
* * * LOW HITPOINT WARNING * * *
You feel sick.
A kobold comes into view. It is wielding a dagger.
* * * LOW HITPOINT WARNING * * *
You feel sick.
* * * LOW HITPOINT WARNING * * *
You feel sick.
You die...

#†# #.# ###### #.# #.#
#.#########.########.########
.........##..................
..>..%....#####..###.....w..K
...#...#... #..# #..#######
%8...8...8.####..###..#
...#...#............).#
..###.## ...###.@####.# ...
.. ......$...#### .8 8..
8.####..### .. ..# #..# .##
#.## #. #. #.


There were no monsters in sight!

Vanquished Creatures
  2 adders
  A leopard gecko (D:2)
  A giant cockroach (D:2)
  5 goblins
  A hobgoblin (D:1)
  2 jackals (D:3)
  A kobold (D:2)
  A quokka (D:3)
  2 rats
16 creatures vanquished.

Notes
Turn   | Place    | Note
-------+----------+-------------------------------------------
     0 | D:1      | Amnesiac the Spriggan Wanderer began the quest for the Orb.
     0 | D:1      | Amnesiac set off with: a +2 short sword, 2 scrolls of teleportation {!r}, a +0 robe, a ration
     0 | D:1      | Reached XP level 1. HP: 10/10 MP: 3/3
   438 | D:2      | Found a hazy altar of Hepliaklqana.
   440 | D:2      | Found a shadowy altar of Dithmenos.
   491 | D:2      | Reached XP level 2. HP: 13/14 MP: 4/4
   564 | D:2      | Found an ancient bone altar of Kikubaaqudgha.
   567 | D:2      | Found a stormy altar of Qazlal.
   750 | D:3      | Reached XP level 3. HP: 6/18 MP: 5/5
   763 | D:3      | Succumbed to an adder's poison

Vault maps used:
D:1:      sevenhm_arrival_forest_fort_large_2, minivault_5, minivault_19
D:2:      nicolae_overflow_hidden_temple
D:3:      gammafunk_ghost_cemetery, minmay_misc_feat_four_crosses,
          minmay_misc_feat_diagonals, lightli_corner_chamber, uniq_terence

Skill      XL: |  1  2 |
---------------+-------+-----
Stealth        | 2 3 |  3.5
Short Blades   | 3 |  3.0
Fighting       | |  1.0
Long Blades    | |  1.5
Dodging        | |  4.8
Evocations     | |  1.3

Action                   || total
-------------------------++-------
Melee: Short sword       ||    27
       Spear             ||    29
 Stab: Sleeping          ||     4
Armor: Robe              ||     2
Dodge: Dodged            ||    31

Table legend:
 A = Spawn XP
 B = Non-spawn XP
 C = Spawn XP percentage of total XP
 D = Spawn monster count
 E = Non-spawn monster count
 F = Spawn count percentage of total count
 G = Total turns spent on level
                    A         B        C        D         E        F      G
               +---------+---------+-------+---------+---------+-------+---------
         Total |       0 |      51 |   0.0 |       0 |      16 |   0.0 |   763
               +---------+---------+-------+---------+---------+-------+---------
           D:1 |       0 |       9 |   0.0 |       0 |       5 |   0.0 |   244
           D:2 |       0 |      21 |   0.0 |       0 |       5 |   0.0 |   345
           D:3 |       0 |      21 |   0.0 |       0 |       6 |   0.0 |   174
               +---------+---------+-------+---------+---------+-------+---------
